AoeStats
← 牛油果

Nomad

510319759Analyzed
4v4 RM · 16h ago on Sep 30, 2026· 27m 19s· 8 players
Game mode
Random Map
Map size
231×231
Population
200
Speed
Normal
Resources
Standard
Victory
Conquest
Starting age
Dark Age
Ending age
Imperial Age
RankedLock teamsTeams togetherTeam positionsShared explorationLock speedFull tech treeHidden civsTurbo modeCheats
Victory
Defeat
🇭🇰 Spanish · Hong Kong SAR China
1608
+12
🇭🇰 Georgians · Hong Kong SAR China
1595
+13
🇭🇰 Italians · Hong Kong SAR China
1561
+14
1462
+19
🇨🇿 Aztecs · Czechia
1542
-15
🇮🇹 Muisca · Italy
1534
-15
🇩🇪 Malians · Germany
1510
-14
🇹🇼 Turks · Taiwan
1506
-14
Nogard
5:13 Loom
13:44 Feudal Age
17:42 Castle Age
16:20 Double-Bit Axe
16:15 Horse Collar
17:45 Gold Mining
18:40 Bow Saw
22:30 Gold Shaft Mining
b4ron1
6:18 Loom
20:17 Feudal Age
25:34 Feudal Age
菜就怪隊友
4:03 Loom
14:54 Feudal Age
19:05 Castle Age
17:49 Double-Bit Axe
18:07 Padded Archer Armor
19:22 Fletching
20:37 Leather Archer Armor
20:45 Bow Saw
20:46 Fishing Lines
25:53 Wheelbarrow
DetectiveYemitoShumafuk
4:54 Loom
5:15 Loom
12:58 Feudal Age
17:17 Castle Age
15:43 Town Watch
15:46 Double-Bit Axe
16:37 Gold Mining
19:00 Gold Shaft Mining
20:59 Sanctity
21:26 Fervor
23:08 Redemption
平头哥赵子龙啊
4:56 Loom
12:28 Feudal Age
16:41 Castle Age
15:49 Double-Bit Axe
18:43 Bow Saw
25:26 Horse Collar
牛油果
5:22 Loom
14:28 Feudal Age
15:55 Double-Bit Axe
18:14 Castle Age
16:29 Fishing Lines
19:14 Bow Saw
18:55 Gillnets
20:46 Town Watch
22:12 Fletching
24:44 Medium Warships
羅敏莊
5:45 Loom
16:43 Feudal Age
20:35 Castle Age
20:43 Fishing Lines
21:01 Double-Bit Axe
21:19 Padded Archer Armor
22:23 Bloodlines
22:13 Husbandry
22:33 Leather Archer Armor
22:39 Gold Mining
23:39 Bow Saw
23:42 Stone Mining
局長
5:20 Loom
16:48 Feudal Age
21:53 Fishing Lines
24:11 Wheelbarrow
25:40 Castle Age
23:26 Double-Bit Axe
23:35 Stone Mining
23:38 Gold Mining
26:03 Fletching
27:00 Bodkin Arrow
27:06 Padded Archer Armor
27:19 Bow Saw
Connection lost

Rejoining the realm…

Still unreachable

The connection could not be restored.

Session expired

The server has moved on; the page needs a fresh start.